 Dungeon Crawl Stone Soup version 0.26.1-2-gb8aa6d0cf2 (webtiles) character file.

Game seed: 15770485269302497790

28 Chiseanne the Charlatan (level 3, 26/27 HPs)
             Began as a Demonspawn Wanderer on Mar 3, 2021.
             Quit the game on level 1 of the Dungeon.
             The game lasted 00:02:15 (1224 turns).

Chiseanne the Charlatan (Demonspawn Wanderer)       Turns: 1224, Time: 00:02:15

Health: 26/27      AC:  3    Str: 13    XL:     3   Next: 0%
Magic:  4/4        EV: 11    Int: 12    God:
Gold:   51         SH:  4    Dex: 13    Spells: 4/4 levels left

rFire    . . .     SeeInvis .   a - +2 dagger
rCold    . . .     Faith    .   f - +0 buckler
rNeg     . . .     Spirit   .   h - +0 leather armour
rPois    .         Reflect  .   (no helmet)
rElec    .         Harm     .   (no cloak)
rCorr    .         Rampage  .   (no gloves)
Will     .....                  (no boots)
Stlth    ++........             (no amulet)
HPRegen  0.09/turn              (no ring)
MPRegen  0.09/turn              (no ring)

@: no status effects
A: talons 1, sturdy frame 1
a: no special abilities


You were on level 1 of the Dungeon.
You visited 1 branch of the dungeon, and saw 1 of its levels.

You collected 51 gold pieces.

Inventory:

Hand Weapons
 a - a +2 dagger (weapon)
Missiles
 e - 28 stones (quivered)
 l - 32 sling bullets
Armour
 f - a +0 buckler (worn)
 h - a +0 leather armour (worn)
Jewellery
 j - an uncursed ring of protection from cold {unknown}
 k - an uncursed ring of protection from cold {unknown}
 n - an uncursed ring of magical power
Scrolls
 b - a scroll of blinking
 c - 2 scrolls of teleportation
 g - 4 scrolls of remove curse {unknown}
 i - a scroll of fear {unknown}
Potions
 d - a potion of curing
 m - a potion of berserk rage {unknown}
 o - a potion of mutation {unknown}


   Skills:
 * Level 1.7 Fighting
 * Level 0.8 Armour
 * Level 1.0 Dodging
 - Level 1.7 Stealth
 * Level 1.0 Shields
 - Level 1.7 Unarmed Combat
 - Level 1.0 Spellcasting
 - Level 2.0 Poison Magic
 - Level 2.0 Evocations


You had 4 spell levels left.
You didn't know any spells.
Your spell library was empty.

Dungeon Overview and Level Annotations

Branches:
Dungeon (1/15)

Altars:


Innate Abilities, Weirdness & Mutations

You have sharp toenails.
Your movements are slightly less encumbered by armour. (ER -2)


Message History

The jackal barely misses you. x2
You hit the jackal.
The jackal is severely wounded.
The jackal bites you.
You hit the jackal.
You kill the jackal!
You have reached level 3!
Your experience leads to an increase in your attributes!
Increase (s)trength, (i)ntelligence, or (d)exterity?
Options error: Bad object type '%' for autopickup. (~/.crawlrc:79) Options error: Bad travel_delay: "1 (or -1 online)" (~/.crawlrc:138) Options error: Bad rest_delay: "-1 (or -1 online)" (~/.crawlrc:140) Welcome back, Chiseanne the Demonspawn Wanderer.
Press ? for a list of commands and other information.
You have reached level 3!
Your experience leads to an increase in your attributes!
Increase (s)trength, (i)ntelligence, or (d)exterity?
You feel agile.
Your demonic ancestry asserts itself...
Your toenails lengthen and sharpen.
Are you sure you want to abandon this character and quit the game? (Confirm with "yes".)

#.........##.# #.#
###.##....##.# #.#
........>#### #.#
#.#.#.#...# #.#
#.#.#.#..## #.# # ..#..#
#.# ####..# #.#
+#####..#############.##
..........K@...........#
........################
.......## .......
....... ....... .....!.
#######


You could see a kobold.

Vanquished Creatures
  A leopard gecko (D:1)
  4 giant cockroaches (D:1)
  3 hobgoblins (D:1)
  4 jackals (D:1)
  2 frilled lizards (D:1)
  4 goblins (D:1)
  3 kobolds (D:1)
  4 rats (D:1)
25 creatures vanquished.

Notes
Turn   | Place    | Note
-------+----------+-------------------------------------------
     0 | D:1      | Chiseanne the Demonspawn Wanderer began the quest for the
                  | Orb.
     0 | D:1      | Chiseanne set off with the following items: a +2 dagger, a
                  | scroll of blinking, a scroll of teleportation, a potion of
                  | curing, a +0 robe
     0 | D:1      | Reached XP level 1. HP: 15/15 MP: 2/2
   288 | D:1      | Gained mutation: Your movements are slightly less
                  | encumbered by armour. (ER -2) [demonic ancestry]
   288 | D:1      | Reached XP level 2. HP: 6/21 MP: 3/3
   881 | D:1      | Reached skill level 1 in Dodging
   881 | D:1      | Reached skill level 1 in Shields
  1224 | D:1      | Gained mutation: You have sharp toenails. [demonic
                  | ancestry]
  1224 | D:1      | Reached XP level 3. HP: 26/27 MP: 4/4
  1224 | D:1      | Quit the game

Illustrated notes

Levels and vault maps discovered:
D:1:      psy_arrival_basics, layout_basic

Skill      XL: |  1  2 |
---------------+-------+-----
Dodging        | 1 |  1.0
Shields        | 1 |  1.0
Fighting       | |  1.7
Armour         | |  0.8
Stealth        | |  1.7
Unarmed Combat | |  1.7
Spellcasting   | |  1.0
Poison Magic   | |  2.0
Evocations     | |  2.0

Action                   || total
-------------------------++-------
Melee: Dagger            ||   103
 Stab: Sleeping          ||     2
Armor: Leather armour    ||    20
       Robe              ||     1
Dodge: Dodged            ||    62
Block: Buckler           ||    23
